 Seeded DCSS version 0.30-a0-58-gc0703345a7 (webtiles) character file.

Game seed: 2893118124589495399 (custom seed)

2 flotson the Sneak (level 1, 0/18 HPs)
             Began as a Demonspawn Delver on Sept 11, 2022.
             Succumbed to an adder's poison
             ... on level 3 of the Dungeon.
             The game lasted 00:00:48 (183 turns).

flotson the Sneak (Demonspawn Delver)                Turns: 183, Time: 00:00:49

Health: 0/18       AC:  3    Str: 12    XL:     1   Next: 25%
Magic:  1/1        EV: 11    Int: 11    God:
Gold:   55         SH:  0    Dex: 14    Spells: 0/0 levels left

rFire   . . .      SeeInvis .    a - +0 hand axe
rCold   . . .      Faith    .    (no shield)
rNeg    . . .      Spirit   .    b - +0 leather armour
rPois   .          Reflect  .    (no helmet)
rElec   .          Harm     .    h - scarf {repulsion}
rCorr   .          Rampage  .    (no gloves)
Will    .....                    (no boots)
Stlth   ++........               (no amulet)
HPRegen 0.06/turn                (no ring)
MPRegen 0.07/turn                (no ring)

@: lethally poisoned (0 -> -5), hasted, repel missiles, very quick
A: no striking features
a: no special abilities


You were on level 3 of the Dungeon.
You visited 1 branch of the dungeon, and saw 4 of its levels.

You collected 55 gold pieces.

Inventory:

Hand Weapons
 a - a +0 hand axe (weapon)
Armour
 b - a +0 leather armour (worn)
 h - a scarf of repulsion (worn)
Wands
 g - a wand of digging (3)
Scrolls
 c - a scroll of fog
 d - a scroll of teleportation {unknown}
 e - a scroll of fear


   Skills:
 + Level 3.0 Fighting
 - Level 1.7 Axes
 + Level 0.1 Armour
 + Level 1.8 Dodging
 - Level 4.5 Stealth
 + Level 0.1 Evocations


You couldn't memorise any spells.
You didn't know any spells.
Your spell library was empty.

Dungeon Overview and Level Annotations

Branches:
Dungeon (5/15)
 Temple: D:4-7

Altars:

Annotations:
D:2 Sigmund


Message History

You hit the adder.
The adder is moderately wounded.
The adder barely misses you.
You barely miss the adder.
The adder is moderately wounded.
The adder bites you. The adder barely misses you.
You closely miss the adder.
The adder is moderately wounded.
The adder bites you but does no damage.
You miss the adder. Your punch misses the adder.
The adder is moderately wounded.
The adder misses you. The adder bites you.
You are poisoned.
The adder poisons you!
You closely miss the adder.
The adder is moderately wounded.
You feel sick. The adder bites you.
You are more poisoned.
The adder poisons you!
You miss the adder.
The adder is moderately wounded.
You feel sick. The adder bites you. The adder bites you but does no damage.
You are too injured to fight recklessly!
You are too injured to fight recklessly!
You are too injured to fight recklessly!
You are too injured to fight recklessly!
You are too injured to fight recklessly!
You hit the adder.
The adder is heavily wounded.
You feel very sick. The adder misses you.
You barely miss the adder.
The adder is heavily wounded.
* * * LOW HITPOINT WARNING * * *
You feel sick. The adder bites you but does no damage. The adder bites you.
* * * LOW HITPOINT WARNING * * *
Okay, then.
Unknown command.
You feel yourself speed up.
You die...

.#..<#
#########.#..##
#....w.S#S#...
#.#####.#.##..
#...# #.#.###.
###.# #...# #.
#.# ##### #.###
#.S@# #####


You could see an adder.

Vanquished Creatures
  A hobgoblin (D:2)
  A bat (D:2)
2 creatures vanquished.

Notes
Turn   | Place    | Note
-------+----------+-------------------------------------------
     0 | D:5      | flotson the Demonspawn Delver began the quest for the Orb.
     0 | D:5      | Reached XP level 1. HP: 18/18 MP: 1/1
    38 | D:5      | Noticed a hound
    57 | D:4      | Noticed a necrophage
    66 | D:4      | Noticed a scorpion
    75 | D:4      | Noticed a necrophage
    81 | D:2      | Found a faded altar of an unknown god.
    82 | D:2      | Noticed Sigmund
   183 | D:3      | Succumbed to an adder's poison

Illustrated notes

Levels and vault maps discovered:
D:2:      layout_rooms, basic_ecumenical_altar, uniq_sigmund
D:3:      layout_basic, mainiacjoe_overflow_concentric_impassable,
          xom_teletrap_fun, lemuel_crystal_altar,
          nicolae_hepliaklqana_hippocampus, uniq_ijyb, uniq_terence
D:4:      layout_rooms, zin_academy, kennysheep_little_box, uniq_pikel
D:5:      layout_loops_ring

Action                   || total
-------------------------++-------
Melee: Hand axe          ||    12
  Use: Scroll            ||     1
       Potion            ||     1
Armor: Leather armour    ||     6
Dodge: Dodged            ||     8

Table legend: (Time is in decaauts)
 A = Elapsed time spent in this place.
 B = Non-inter-level travel time spent in this place.
 C = Inter-level travel time spent in this place.
 D = Time resting spent in this place.
 E = Time spent auto-exploring this place.
 F = Levels seen in this place.
 G = Mean time per level.
                   A        B        C        D        E       F      G
               +--------+--------+--------+--------+--------+-----+--------+
         Total |    185 |    175 |     10 |      0 |     51 |   4 |   46.2 |
       Dungeon |    185 |    175 |     10 |      0 |     51 |   4 |   46.2 |
               +--------+--------+--------+--------+--------+-----+--------+

Top non-repeatable levels by time:
     D:3: 58 daAuts
     D:5: 57 daAuts
     D:2: 49 daAuts
     D:4: 19 daAuts
